Map: Lerilak Crest

Players

Grumm

  • Race: Protoss Protoss
  • League: Gold

FTEGhost - Winner!

  • Race: Protoss Protoss
  • League: Silver

VOD

Have the link to the VOD?

Description

Time

  • Played on: Jan. 4, 2016, 1:35 a.m.
  • Length: 9:45
Show
View Real Time Build Order
Export as new Build Order

Grumm Protoss 

Build Orders: Oracle Opening 

Get SALT Encoding   

  12  0:08  Pylon  
  12  0:13  Probe (Chrono Boost)  
  13  0:23  Probe (Chrono Boost)  
  14  0:32  Gateway  
  15  0:35  Probe (Chrono Boost)  
  15  0:46  Assimilator, Probe (Chrono Boost)  
  16  0:57  Probe (Chrono Boost)  
  17  1:04  Pylon  
  17  1:07  Probe (Chrono Boost)  
  18  1:20  Cybernetics Core  
  18  1:24  Probe (Chrono Boost)  
  19  1:27  Assimilator  
  19  1:35  Gateway  
  19  1:48  Probe (Chrono Boost)  
  20  1:57  Adept  
  22  2:06  Pylon  
  22  2:07  Stargate  
  22  2:10  Probe (Chrono Boost)  
  22  2:14  Warp Gate  
  23  2:21  Probe (Chrono Boost)  
  24  2:24  Adept  
  26  2:34  Probe (Chrono Boost)  
  27  2:41  Robotics Facility  
  27  3:05  Pylon  
  27  3:06  Oracle  
  30  3:16  Probe (Chrono Boost)  
  29  3:57  Probe (Chrono Boost)  
  30  4:08  Phoenix, Probe (Chrono Boost)  
  34  4:12  Immortal (Chrono Boost)  
  32  4:17  Nexus  
  32  4:18  Gateway  
  32  4:19  Gateway  
  32  4:27  Stalker  
  32  4:29  Sentry  
  36  4:40  Probe  
  37  4:53  Probe  
  37  4:54  Immortal (Chrono Boost)  
  42  5:09  Assimilator  
  42  5:20  Stalker  
  42  5:21  Stalker  
  43  5:22  Stalker, Zealot  
  45  5:44  Probe  
  45  5:45  Probe  
  45  5:49  Immortal (Chrono Boost)  
  51  5:54  Probe  
  52  5:57  Probe  
  52  6:03  Assimilator  
  53  6:05  Adept  
  53  6:08  Adept  
  57  6:17  Stalker  
  59  6:19  Zealot  
  61  6:36  Pylon, Probe  
  62  6:54  Warp Prism (Chrono Boost)  
  50  7:15  Zealot x4  
  56  7:20  Void Ray  
  62  7:26  Immortal (Chrono Boost)  
  54  7:39  Zealot x3  
  54  7:40  Zealot  
  53  8:00  Stalker  
  53  8:01  Stalker x2  
  59  8:15  Void Ray  
  63  8:26  Twilight Council  
  63  8:29  Probe x2 (Chrono Boost)  
  65  8:38  Sentry  
  65  8:39  Sentry  
  65  8:41  Probe (Chrono Boost)  
  70  8:49  Pylon  
  70  9:07  Probe x2 (Chrono Boost)  
  70  9:09  Observer  
  73  9:14  Forge  
  73  9:16  Forge  
  73  9:18  Pylon  
  77  9:25  Probe (Chrono Boost)  
  77  9:26  Probe (Chrono Boost)  
  73  9:37  Stalker x2  
Show
View Real Time Build Order
Export as new Build Order

FTEGhost Protoss - Winner!

Build Orders:  

Get SALT Encoding   

  12  0:01  Probe (Chrono Boost)  
  13  0:12  Probe (Chrono Boost)  
  14  0:17  Pylon  
  14  0:22  Probe (Chrono Boost)  
  16  0:35  Probe (Chrono Boost)  
  16  0:46  Probe (Chrono Boost)  
  17  0:56  Probe (Chrono Boost)  
  18  1:06  Nexus  
  18  1:07  Probe (Chrono Boost)  
  19  1:19  Probe (Chrono Boost)  
  19  1:23  Gateway  
  20  1:27  Assimilator  
  20  1:36  Probe (Chrono Boost)  
  20  1:39  Gateway  
  21  1:45  Pylon  
  21  1:52  Probe (Chrono Boost)  
  22  2:02  Probe (Chrono Boost)  
  23  2:12  Cybernetics Core  
  23  2:13  Probe (Chrono Boost)  
  24  2:18  Gateway  
  24  2:23  Probe (Chrono Boost)  
  24  2:24  Pylon  
  25  2:36  Assimilator  
  25  2:37  Probe x2 (Chrono Boost)  
  25  2:42  Gateway  
  27  2:48  Probe x2 (Chrono Boost)  
  27  2:50  Warp Gate (Chrono Boost)  
  29  2:54  Stalker  
  29  2:57  Stalker  
  33  3:10  Probe x2  
  35  3:19  Gateway  
  35  3:22  Probe x2  
  35  3:25  Stalker  
  34  3:56  Probe x2  
  33  4:08  Probe x2  
  32  4:20  Probe (Chrono Boost)  
  32  4:21  Probe (Chrono Boost)  
  32  4:24  Forge  
  34  4:32  Probe (Chrono Boost)  
  34  4:33  Probe (Chrono Boost)  
  36  4:44  Stalker  
  36  4:45  Stalker x4  
  46  5:00  Pylon, Probe x2 (Chrono Boost)  
  46  5:04  Pylon  
  48  5:11  Probe x2 (Chrono Boost)  
  48  5:21  Probe (Chrono Boost)  
  48  5:22  Probe (Chrono Boost)  
  48  5:32  Zealot x4  
  48  5:33  Zealot  
  54  5:44  Twilight Council  
  54  5:45  Probe x2 (Chrono Boost)  
  56  5:55  Probe (Chrono Boost), Photon Cannon  
  56  5:56  Probe (Chrono Boost)  
  58  5:57  Zealot  
  58  5:58  Zealot x4  
  68  6:08  Protoss Ground Weapons Level 1 (Chrono Boost), Photon Cannon  
  68  6:21  Charge (Chrono Boost)  
  68  6:34  Zealot  
  68  6:38  Dark Shrine  
  68  6:39  Pylon  
  70  6:41  Pylon  
  70  6:50  Pylon  
  66  6:55  Stalker x2  
  66  6:56  Stalker  
  66  6:57  Stalker  
  70  7:12  Zealot  
  64  7:43  Zealot x5  
  60  8:03  Dark Templar x2  
  60  8:04  Dark Templar  
  66  8:05  Zealot x2  
  66  8:08  Assimilator  
  68  8:13  Assimilator  
  68  8:25  Archon  
  68  8:27  Stalker x2  
  72  8:37  Stalker  
  74  8:49  Stalker x2  
  74  8:51  Stalker  
  74  8:54  Zealot  
  82  9:16  Stalker x2  
  86  9:17  Stalker  
Tags
 
Add a new tag
Caveats
  • Supply blocks, unpowered buildings, or Contaminate may cause inaccurate times.
  • Supply counts are checked every 10 seconds.